 Dungeon Crawl Stone Soup version 0.29-a0-100-g60f898f876 (webtiles) character file.

Game seed: 18045636198316525340

1642 siradein the Skirmisher (level 8, -7/76 HPs)
             Began as a Naga Fighter on Feb 15, 2022.
             Was a Follower of Cheibriados.
             Mangled by an orc warrior (9 damage)
             ... on level 6 of the Dungeon.
             The game lasted 00:17:25 (6131 turns).

siradein the Skirmisher (Naga Fighter)              Turns: 6131, Time: 00:17:25

Health: -7/76      AC: 10    Str: 21    XL:     8   Next: 99%
Magic:  8/8        EV:  4    Int: 12    God:    Cheibriados [*.....]
Gold:   229        SH: 10    Dex: 16    Spells: 7/7 levels left

rFire   . . .      SeeInvis +   a - +0 long sword
rCold   + . .      Faith    .   c - +0 buckler
rNeg    . . .      Spirit   .   s - +0 plate armour
rPois   +          Reflect  +   (no helmet)
rElec   .          Harm     .   (no cloak)
rCorr   +          Rampage  .   (no gloves)
Will    +....                   (no barding)
Stlth   ..........              n - amulet of reflection
HPRegen 0.22/turn               i - ring of resist corrosion
MPRegen 0.11/turn               C - ring of protection from cold

@: short of breath, very slow
A: AC +2, large, see invisible, deformed body, poison resistance, slowness 2,
spit poison 1, naga tail 1
a: Spit Poison, Renounce Religion, Bend Time


You were on level 6 of the Dungeon.
You worshipped Cheibriados.
Cheibriados was aware of your devotion.
You visited 2 branches of the dungeon, and saw 7 of its levels.
You also visited: Sewer.

You collected 339 gold pieces.
You spent 110 gold pieces at shops.

Inventory:

Hand Weapons
 a - a +0 long sword (weapon)
 v - a +0 hunting sling
 G - the +7 rapier of Exquisite Death {vorpal, *Rage rF+ rC+ rN+}
   (You found it on level 5 of the Dungeon)

   It inflicts extra damage upon your enemies.
   rF:        It protects you from fire.
   rC:        It protects you from cold.
   rN:        It protects you from negative energy.
   *Rage:     It berserks you when you make melee attacks (+20% chance).
Missiles
 u - 144 stones
 w - 15 sling bullets
 B - a throwing net
Armour
 c - a +0 buckler (worn)
 s - a +0 plate armour (worn)
Magical Staves
 l - a staff of earth
Jewellery
 i - a ring of resist corrosion (left hand)
 n - an amulet of reflection (around neck)
 y - a ring of willpower
 C - a ring of protection from cold (right hand)
 F - a ring of willpower
Wands
 E - a wand of paralysis (12)
 H - a wand of iceblast (6)
Scrolls
 h - a scroll of summoning
 j - 2 scrolls of teleportation
 o - a scroll of immolation
 r - 2 scrolls of enchant armour
 x - 2 scrolls of blinking
 z - 2 scrolls of enchant weapon {unknown}
 A - a scroll of amnesia
 D - a scroll of brand weapon
 I - 2 scrolls of fog {unknown}
 J - a scroll of silence {unknown}
Potions
 b - 2 potions of curing {unknown}
 d - a potion of might
 e - 2 potions of berserk rage
 f - a potion of cancellation {unknown}
 g - 2 potions of degeneration {unknown}
 k - a potion of attraction {unknown}
 m - a potion of heal wounds {unknown}
 p - a potion of mutation {unknown}
 q - 2 potions of haste {unknown}
 t - a potion of lignification {unknown}


   Skills:
 + Level 6.2 Fighting
 + Level 5.8 Long Blades
 + Level 5.1 Armour
 + Level 5.2 Shields


You had 7 spell levels left.
You didn't know any spells.
Your spell library contained the following spells:

 Spells                   Type           Power      Damage    Failure   Level
 Foxfire                  Conj/Fire      0%         2x1d4     100%        1
 Ensorcelled Hibernation  Hex/Ice        0%         N/A       100%        2
 Frozen Ramparts          Ice            0%         1d2       100%        3
 Spider Form              Tmut/Pois      0%         N/A       100%        3
 Anguish                  Hex/Necr       0%         N/A       100%        4
 Flame Wave               Conj/Fire      0%         2d4       100%        4
 Ice Form                 Ice/Tmut       0%         N/A       100%        4
 Sticky Flame             Conj/Fire      0%         2d3       100%        4
 Summon Ice Beast         Ice/Summ       0%         N/A       100%        4
 Ignition                 Fire           0%         3d3       100%        8


Dungeon Overview and Level Annotations

Branches:
Dungeon (6/15)             Temple (1/1) D:5           Sewer (visited)

Altars:
Cheibriados
Elyvilon
Fedhas
Hepliaklqana
Kikubaaqudgha
Qazlal
Ru
Sif Muna
Trog
Vehumet
Wu Jian
Xom
Yredelemnul
The Shining One

Shops:
D:5 ?


Innate Abilities, Weirdness & Mutations

Your serpentine skin is tough. (AC +2)
You have supernaturally acute eyesight. (SInv)
Armour fits poorly on your strangely shaped body.
Your system is resistant to poisons. (rPois)
You cover ground very slowly.
You can spit poison.
You have a snake-like lower body.


Message History

The orc warrior hits you but does no damage.
You see here a black bear corpse.
The splash of poison misses the orc warrior.
The orc warrior hits you with a +0 glaive!
You slash the orc warrior!
The orc warrior is moderately wounded.
You block the orc warrior's attack.
You hit the orc warrior.
The orc warrior is moderately wounded.
You block the orc warrior's attack.
The orc warrior hits you but does no damage.
You closely miss the orc warrior.
The orc warrior is moderately wounded.
The orc warrior hits you with a +0 glaive.
You hit the orc warrior but do no damage.
The orc warrior is moderately wounded.
You have got your breath back.
The orc warrior barely misses you.
You hit the orc warrior but do no damage.
The orc warrior is moderately wounded.
The orc warrior hits you with a +0 glaive!!
* * * LOW HITPOINT WARNING * * *
Aiming: Spit Poison (1% risk of failure)
Press: ? - help, Shift-Dir - straight line, f/p - orc warrior
Aim: an orc warrior, wielding a +0 glaive and wearing a +0 chain mail (moderately wounded, 60% to hit)
The splash of poison misses the orc warrior.
The orc warrior barely misses you.
Unknown command.
You slash the orc warrior!
The orc warrior is severely wounded.
The orc warrior hits you with a +0 glaive!
* * * LOW HITPOINT WARNING * * *
You hit the orc warrior but do no damage.
The orc warrior is severely wounded.
The orc warrior hits you with a +0 glaive!
* * * LOW HITPOINT WARNING * * *
You closely miss the orc warrior.
The orc warrior is severely wounded.
The orc warrior hits you with a +0 glaive!
You die...

#........#.#........#.........#..
###+##...#.#........###....####..
,,,..#.###.#........###.##.####..
,,,>.............................
,,,..#########.######.#....######
,,...,,,,* #.....##.#.#.## #..
,,..****,* #####.##.#.#.### #..
,,,,**##+#########.##.......# #..
,,,,*,..........@....##.#...# #..
,,,,*,.........o.#....#+#..|# #..
*****,........)..###.....(.##*#..
*****,...........#.........#,....
,<,,+,.....................#,....
*****,..............#+#'####,,,$.
* *,..........###)#.#.# *,,,,. *
*,............#).)..# *,,,,,
*****,.........h#..)..#.# *,,,,,


You could see an orc warrior.

Vanquished Creatures
  A vampire mosquito (D:6)
  A water moccasin (Sewer)
  An ice beast (D:6)
  A black bear (D:6)
  A sky beast (D:6)
  3 ogres
  A kobold brigand (D:6)
  3 scorpions
  2 water moccasin zombies
  A jelly (D:5)
  A bullfrog zombie (D:6)
  A centaur skeleton (D:6)
  A hound (D:5)
  Jessica (D:2)
  6 iguanas
  Ijyb (D:5)
  A hound skeleton (D:4)
  A gnoll (D:5)
  10 adders
  A howler monkey skeleton (D:6)
  A shadow imp (D:6)
  A white imp (D:6)
  2 adder skeletons (D:4)
  2 worms
  A dart slug (D:2)
  An orc (D:6)
  10 ball pythons
  8 bats
  10 endoplasms
  3 giant cockroaches
  5 goblins
  7 hobgoblins
  3 jackals (D:5)
  A quokka (D:3)
  A frilled lizard (D:2)
  9 kobolds
  A rat (D:3)
105 creatures vanquished.

Notes
Turn   | Place    | Note
-------+----------+-------------------------------------------
     0 | D:1      | siradein the Naga Fighter began the quest for the Orb.
     0 | D:1      | Reached XP level 1. HP: 21/21 MP: 1/1
   123 | D:1      | Reached XP level 2. HP: 22/28 MP: 2/2
   402 | D:1      | Got Sif Muna's Volume of Fire
   739 | D:2      | Noticed Jessica
   748 | D:2      | Killed Jessica
   749 | D:2      | Reached XP level 3. HP: 29/34 MP: 3/3
   919 | D:2      | Found a faded altar of an unknown god.
   932 | D:2      | Reached XP level 4. HP: 41/42 MP: 4/4
  1384 | D:2      | Found a bloodstained altar of Trog.
  1764 | D:3      | Found a shimmering blue altar of Sif Muna.
  2408 | D:4      | Reached XP level 5. HP: 48/50 MP: 5/5
  2895 | D:4      | Reached skill level 4 in Fighting
  3501 | D:5      | Entered Level 5 of the Dungeon
  3501 | D:5      | Found Jirosa's Magic Scroll Shop.
  3504 | D:5      | Bought a scroll of identify for 22 gold pieces
  3504 | D:5      | Bought a scroll of identify for 22 gold pieces
  3504 | D:5      | Bought a scroll of identify for 22 gold pieces
  3504 | D:5      | Bought a scroll of identify for 22 gold pieces
  3504 | D:5      | Bought a scroll of identify for 22 gold pieces
  3519 | D:5      | Noticed an ogre
  3527 | D:5      | Killed an ogre
  3528 | D:5      | Reached XP level 6. HP: 44/57 MP: 6/6
  3661 | D:5      | Found a staircase to the Ecumenical Temple.
  3700 | Temple   | Entered the Ecumenical Temple
  4018 | Temple   | Became a worshipper of Cheibriados the Contemplative
  4117 | D:5      | Reached XP level 7. HP: 64/66 MP: 7/7
  4458 | D:5      | Found a bloodstained altar of Trog.
  4473 | D:5      | Identified the +7 rapier of Exquisite Death {vorpal, *Rage
                  | rF+ rC+ rN+}
  4507 | D:5      | Noticed Ijyb
  4518 | D:5      | Killed Ijyb
  5106 | D:6      | Reached skill level 5 in Fighting
  5164 | D:6      | Reached * piety under Cheibriados
  5190 | D:6      | Found a glowing drain.
  5207 | Sewer    | Entered a sewer
  5258 | Sewer    | Reached XP level 8. HP: 56/74 MP: 8/8
  5470 | D:6      | Reached skill level 5 in Long Blades
  5704 | D:6      | Reached skill level 6 in Fighting
  5704 | D:6      | Reached skill level 5 in Shields
  5718 | D:6      | Reached skill level 5 in Armour
  6130 | D:6      | HP: 2/76 [orc warrior (9)]
  6131 | D:6      | Mangled by an orc warrior

Illustrated notes

Levels and vault maps discovered:
D:1:      ncdulo_lavacross, layout_loops_ring
D:2:      layout_basic, chequers_ecumenical_altar_island, basic_altar,
          serial_bayou_pond_a, uniq_jessica
D:3:      layout_loops_cross, led_sif_pool
D:4:      layout_gridville
D:5:      layout_basic, old_standard_altar, minmay_temple_entry_butterflies,
          serial_shops, nicolae_stop_n_shop_1, minmay_misc_feat_plants,
          sigmund_army, uniq_ijyb
D:6:      cheibrodos_fzero, layout_basic, mainiacjoe_overflow_paths,
          cheibrodos_sewer_entry_bend
Temple:   minmay_temple_forest_path

Skill      XL: |  1  2  3  4  5  6  7  8 |
---------------+-------------------------+-----
Shields        | 3 4 5 |  5.2
Armour         | 3 4 5 |  5.1
Long Blades    | 3 4 5 |  5.8
Fighting       | 4 5 6 |  6.2

Action                   |  1- 3 |  4- 6 |  7- 9 || total
-------------------------+-------+-------+-------++-------
Melee: Long sword        |    37 |   147 |   161 ||   345
       Rapier            |       |       |     9 ||     9
 Abil: Spit Poison       |    15 |    31 |    29 ||    75
  Use: Scroll            |       |    10 |     1 ||    11
Armor: Scale mail        |    11 |       |       ||    11
       Plate armour      |       |    63 |   101 ||   164
       Chain mail        |       |     3 |       ||     3
Dodge: Dodged            |     9 |    18 |    30 ||    57
Block: Buckler           |     6 |    69 |    98 ||   173
       Reflection        |       |     2 |     1 ||     3

Table legend: (Time is in decaauts)
 A = Elapsed time spent in this place.
 B = Non-inter-level travel time spent in this place.
 C = Inter-level travel time spent in this place.
 D = Time resting spent in this place.
 E = Time spent auto-exploring this place.
 F = Levels seen in this place.
 G = Mean time per level.
                   A        B        C        D        E       F      G
               +--------+--------+--------+--------+--------+-----+--------+
         Total |   8250 |   8053 |    197 |    220 |   6510 |   8 | 1031.2 |
       Dungeon |   7496 |   7384 |    112 |    220 |   5955 |   6 | 1249.3 |
        Temple |    530 |    446 |     84 |      0 |    417 |   1 |  530.0 |
         Sewer |    224 |    224 |      0 |      0 |    137 |   1 |  224.0 |
               +--------+--------+--------+--------+--------+-----+--------+

Top non-repeatable levels by time:
     D:5: 1864 daAuts
     D:4: 1504 daAuts
     D:6: 1100 daAuts
     D:3: 1061 daAuts
     D:2: 1023 daAuts
     D:1: 940 daAuts
  Temple: 530 daAuts
   Sewer: 224 daAuts
